 Dungeon Crawl Stone Soup version 0.31-a0-845-g9abc20d24f (webtiles) character file.

Game seed: 1840911651369058550

48328 demibob the Black Belt (level 14, -4/104 (118) HPs)
             Began as a Pale Draconian Chaos Knight on Oct 2, 2023.
             Was a Plaything of Xom.
             Slain by a minotaur
             ... wielding a +0 demon trident of draining
              (30 damage)
             ... in a Gauntlet.
             The game lasted 00:44:32 (16144 turns).

demibob the Black Belt (DrCK)                      Turns: 16144, Time: 00:44:33

HP:   -4/104 (118)  AC: 19    Str: 14      XL:     14   Next: 11%
MP:   14/14         EV: 17    Int: 13      God:    Xom [....*.]
Gold: 2573          SH:  0    Dex: 16 (18) Spells: 13/13 levels left

rFire   . .          .
                       - Unarmed
rCold   + . .        (no shield)
rNeg    . . .        (body armour unavailable)
rPois   +            (helmet restricted)
rElec   +            n - +2 cloak
rCorr   +            I - +0 pair of gloves
SInv    .            K - +2 pair of boots of Raxt {Harm Will+++ Str+2 Int-4}
Will    +++++        (no amulet)
Stlth   +            z - ring "Cytaf" {+Blink rElec rC+ AC+4}
HPRegen 0.37/turn    R - ring of resist corrosion
MPRegen 0.14/turn

%: no teleportation, harm (+30% outgoing, +20% incoming)
@: short of breath, maw-form, hasted, heavily drained, very quick
A: devouring maw, breathe steam, AC +8, unfitting armour, cold-blooded, steam
resistance, antennae 2, talons 1, agile 1, clever 1, deterioration 1,
strong-willed 1, mutation resistance 1, poison resistance, wild magic 1
a: Breathe Steam, Begin Untransformation, Renounce Religion, Evoke Blink


You were in a Gauntlet.
You worshipped Xom.
You were a beloved toy of Xom.
You were a creature with a mouth for a stomach.
You visited 2 branches of the dungeon, and saw 16 of its levels.
You also visited: Sewer and Gauntlet.

You collected 2843 gold pieces.
You spent 270 gold pieces at shops.


Innate Abilities, Weirdness & Mutations

You are a creature with a mouth for a stomach.
Your midsection houses a second, enormous mouth.
You can breathe blasts of scalding, opaque steam.
Your pale cyan-grey scales are hard. (AC +8)
You cannot fit into any form of body armour.
You are cold-blooded and may be slowed by cold attacks.
You are immune to the effects of steam.
You have a pair of antennae on your head.
You have sharp toenails.
You are agile. (Dex +4, Str/Int -1)
Your mind is acute. (Int +4, Str/Dex -1)
Your body sometimes deteriorates upon taking damage.
You are strong-willed. (Will+)
You are somewhat resistant to further mutation.
Your system is resistant to poisons. (rPois)
Your spells are a little harder to cast, but a little more powerful.


   Skills:
 - Level 9.2 Fighting
 + Level 9.6 Dodging
 - Level 17.2 Unarmed Combat
 + Level 12.1 Shapeshifting


You had 13 spell levels left.
You didn't know any spells.
Your spell library contained the following spells:

 Spells                   Type           Power      Damage    Failure   Level
 Magic Dart               Conj           0%         1d3       38%         1
 Shock                    Conj/Air       0%         1d3       38%         1
 Blink                    Tloc           0%         N/A       52%         2
 Cigotuvi's Dreadful Rot  Necr/Pois/Air  0%         N/A       52%         2
 Ensorcelled Hibernation  Hex/Ice        0%         N/A       52%         2
 Jinxbite                 Hex            0%         N/A       52%         2
 Passwall                 Tmut/Erth      0%         N/A       52%         2
 Searing Ray              Conj           0%         2d4       52%         2
 Call Canine Familiar     Summ           0%         N/A       75%         3
 Summon Guardian Golem    Hex/Summ       0%         N/A       75%         3
 Swiftness                Air            0%         N/A       75%         3
 Vampiric Draining        Necr           0%         2d6       75%         3
 Airstrike                Air            0%         2d(0-16)  98%         4
 Anguish                  Hex/Necr       0%         N/A       98%         4
 Cause Fear               Hex            0%         N/A       98%         4
 Fulminant Prism          Conj/Hex       0%         3d5       98%         4
 Manifold Assault         Tloc           0%         N/A       98%         4
 Olgreb's Toxic Radiance  Pois           0%         N/A       98%         4
 Summon Ice Beast         Ice/Summ       0%         N/A       98%         4
 Vhi's Electric Charge    Tloc/Air       0%         N/A       98%         4
 Alistair's Intoxication  Tmut/Pois      0%         N/A       100%        5
 Arcjolt                  Conj/Air       0%         1d10      100%        5
 Fireball                 Conj/Fire      0%         3d3       100%        5
 Summon Mana Viper        Hex/Summ       0%         N/A       100%        5
 Death Channel            Necr           0%         N/A       100%        6
 Dispersal                Tloc           0%         N/A       100%        6
 Plasma Beam              Fire/Air       0%         2x1d10    100%        6
 Haunt                    Necr/Summ      0%         N/A       100%        7
 Monstrous Menagerie      Summ           0%         N/A       100%        7
 Orb of Destruction       Conj           0%         9d5       100%        7
 Spellforged Servitor     Conj/Summ      0%         N/A       100%        7
 Borgnjor's Revivificati  Necr           0%         N/A       100%        8
 Discord                  Hex            0%         N/A       100%        8
 Disjunction              Tloc           0%         N/A       100%        8
 Ignition                 Fire           0%         3d3       100%        8
 Maxwell's Capacitive Co  Air            0%         ∞         100%        8
 Dragon's Call            Summ           0%         N/A       100%        9

Inventory:

Missiles
 u - 4 throwing nets {=f}
Armour
 n - a +2 cloak (worn)
 B - a +1 pair of boots of rampaging
 I - a +0 pair of gloves (worn)
 K - the +2 pair of boots of Raxt (worn) {Harm Will+++ Str+2 Int-4}
   (You found it in a Gauntlet)

   Str+2:     It affects your strength (+2).
   Int-4:     It affects your intelligence (-4).
   Will+++:   It greatly increases your willpower.
   Harm:      It increases damage dealt and taken.
Jewellery
 w - a ring of willpower
 z - the ring "Cytaf" (left hand) {+Blink rElec rC+ AC+4}
   (You found it on level 11 of the Dungeon)

   [ring of protection]

   AC+4:      It affects your AC (+4).
   rC+:       It protects you from cold.
   rElec:     It insulates you from electricity.
   +Blink:    It lets you blink.
 C - the ring "Bisteh" {Wiz Dex+6 Stlth+}
   (Xom gifted it to you on level 1 of the Lair of Beasts)

   [ring of wizardry]

   Wiz:       It improves your spell success rate.
   Dex+6:     It affects your dexterity (+6).
   Stlth+:    It makes you more stealthy.
 F - the ring of Sophism {Fire rN+}
   (You found it on level 4 of the Dungeon)

   [ring of fire]

   Fire:      It enhances your fire magic.
   rF+:       It protects you from fire.
   rC-:       It makes you vulnerable to cold.
   rN+:       It protects you from negative energy.
 L - the ring of Yqiaf {rC+ rCorr Stlth+}
   (You found it in a Gauntlet)

   [ring of protection from cold]

   rC+:       It protects you from cold.
   rCorr:     It protects you from acid and corrosion.
   Stlth+:    It makes you more stealthy.
 M - the ring "Ehuqutoll" {rPois rF+}
   (You found it in a Gauntlet)

   [ring of protection from fire]

   rF+:       It protects you from fire.
   rPois:     It protects you from poison
 P - a ring of poison resistance
 R - a ring of resist corrosion (right hand)
 W - a ring of willpower
Talismans
 s - a maw talisman (active)
 t - a blade talisman
Wands
 i - a wand of flame (14)
 q - a wand of polymorph (30)
 r - a wand of charming (10)
 A - a wand of digging (4)
Scrolls
 c - a scroll of amnesia
 g - 7 scrolls of identify {@r1}
 j - 4 scrolls of fog
 k - 2 scrolls of enchant weapon
 l - 2 scrolls of teleportation {@r2}
 v - 4 scrolls of immolation
 x - a scroll of brand weapon
 G - a scroll of vulnerability
 J - a scroll of poison
Potions
 a - a potion of lignification
 b - 2 potions of mutation
 d - a potion of might
 e - 7 potions of curing {@q1}
 f - 6 potions of attraction
 h - 3 potions of enlightenment
 o - 3 potions of brilliance
 p - 2 potions of ambrosia
 D - 2 potions of haste {@q3}
 H - a potion of invisibility
Miscellaneous
 m - a sack of spiders
 y - a phantom mirror

Dungeon Overview and Level Annotations

Branches:
Dungeon (11/15)            Temple (0/1) D:5            Lair (5/5) D:11
  Swamp (0/4) Lair:3       Spider (0/4) Lair:2        Slime (0/5) Lair:5
  Sewer (visited)         Gauntlet (1/1)
    Orc: D:9-12

Altars:
Ashenzari
Kikubaaqudgha
Nemelex Xobeh
Qazlal
Sif Muna
Trog
Uskayaw
Vehumet
Xom
Yredelemnul
The Shining One

Shops:
D:2 *

Annotations:
D:7 1 runed translucent door, Crazy Yiuf
D:9 exclusion: ice statue
D:11 2 transporters, javelincjr's ghost, journeyman DrSh Gauntlet 8 transporters, 6 runed translucent doors, exclusions: oklob plant and orange crystal statue

.................................
P♣..P♣P..♣P..♣...........♣P..♣..P
...............P...∩...P.........
▒≈≈≈▒≈≈≈▒≈≈≈▒..♣.......♣..▒≈≈≈▒≈≈
▒▒≈▒▒▒≈▒▒▒≈▒▒▒...........▒▒▒≈▒▒▒≈
▒▒▒ ▒▒▒ ▒▒▒▒▒▒▒▒▒▒▒▒▒▒▒▒▒ ▒▒▒ ▒▒
.................
▓⚑♣.♣.©.©.©.©.♣.♣.▓
▓.....W...........
▓▓▓.▓H▓▓▓▓▓▓▓.▓.▓▓▓ ▓.▓.. ..▓.▓ ▓
▓.▓ ▓.▓ ▓ .. ▓. ▓. ..


You could see a minotaur.


Message History

The minotaur hits you with a +0 demon trident of draining.
You feel drained.
The minotaur gores you but does no damage.
You barely miss the minotaur. You tail-slap the minotaur.
You bite the minotaur, but do no damage.
The minotaur is moderately wounded.
The minotaur hits you with a +0 demon trident of draining!!
* * * LOW HITPOINT WARNING * * *
You feel drained.
* * * LOW HITPOINT WARNING * * *
Your body deteriorates!
You feel clumsy.
The minotaur gores you but does no damage.
Okay, then.
You feel much better. The minotaur misses you. The minotaur gores you!
* * * LOW HITPOINT WARNING * * *
Your body deteriorates!
You feel clumsy.
Okay, then.
Enter note: dead here
Okay, then.
Okay, then.
Unknown command.
Aiming: Charm
Press: ? - help, Shift-Dir - straight line, f/p - minotaur
Aim: a minotaur, wielding a +0 demon trident of draining, wearing the +0 ring mail of Wu Jian's Condemnation {rF+ rN+ Will+}, wearing a +5 ring of evasion and quivering javelins (moderately wounded, chance to affect: 0%)
Okay, then.
Unknown command.
Unknown command.
You feel yourself speed up.
The minotaur hits you with a +0 demon trident of draining!!
You die...

Skill      XL: |  1  2  3  4  5  6  7  8  9 10 11 12 13 14 |
---------------+-------------------------------------------+-----
Unarmed Combat | 4 5 8 9 11 12 13 14 15 17 | 17.2
Shapeshifting  | 3 6 10 11 12 | 12.1
Dodging        | 6 9 |  9.6
Fighting       | 7 9 |  9.2

Action                     |  1- 3 |  4- 6 |  7- 9 | 10-12 | 13-15 || total
---------------------------+-------+-------+-------+-------+-------++-------
  Melee: Unarmed           |   105 |   112 |   256 |   561 |   360 ||  1394
         Tailslap          |    10 |    12 |    47 |   104 |    81 ||   254
         Punch             |     1 |     4 |    14 |    56 |    51 ||   126
         Kick              |       |       |    20 |    27 |       ||    47
         Maw               |       |       |       |   155 |   145 ||   300
Ability: Breathe Steam     |       |       |    23 |    29 |    19 ||    71
  Evoke: Wand              |       |       |     1 |     1 |     1 ||     3
    Use: Scroll            |     7 |     2 |    10 |    11 |     4 ||    34
         Potion            |       |     1 |       |     6 |     5 ||    12
   Stab: Sleeping          |     6 |     6 |     4 |     6 |     2 ||    24
         Distracted        |       |     2 |       |       |     3 ||     5
         Confused          |       |     2 |     1 |     2 |       ||     5
 Armour: Skin              |    43 |    35 |   131 |   345 |   218 ||   772
  Dodge: Dodged            |    62 |    49 |   132 |   360 |   305 ||   908
   Form: Blade             |       |       |       |     1 |       ||     1
         Maw               |       |       |       |     1 |       ||     1

Levels and vault maps discovered:
D:1:      sevenhm_arrival_forest_fort_small_3, layout_rooms, minmay_misc_feat_x,
          dreamdust_wishing_well, minmay_door_square
D:2:      layout_basic, ebering_ecumenical_altar_hall, serial_shops,
          nicolae_shop_back_alley_shop
D:3:      layout_loops_corners, mainiacjoe_overflow_small_starburst,
          grunt_temple_overflow_holy_war, chequers_serial_rivers_micro_d,
          minmay_splitting_lines
D:4:      layout_basic, gammafunk_ghost_icy, uniq_blork_the_orc, uniq_robin
D:5:      layout_gridville, mainiacjoe_overflow_divided_tiny,
          minmay_temple_entry_trees, cheibrodos_sewer_entry_sluice,
          grunt_decor_junction, uniq_grinder
D:6:      layout_loops_ring, chequers_temple_overflow_minitemple,
          nicolae_vehumet_altar_sigil, uniq_sigmund
D:7:      layout_gridville, tgw_kikubaaqudgha, chequers_serial_rivers_micro_b,
          uniq_crazy_yiuf_cottage, uniq_jeremiah
D:8:      layout_cave_pools, kb_lookout_dungeons_type, nicolae_zen_rock_garden
D:9:      lemuel_ice_statue, layout_gridville, lemuel_doored_altar, uniq_pikel,
          uniq_psyche
D:10:     layout_gridville
D:11:     minmay_the_grid_net [minmay_the_grid_garden, minmay_the_grid_mess,
          minmay_the_grid_gridbox, minmay_the_grid_tiny_cups,
          minmay_the_grid_holed_spiral, minmay_the_grid_prize_diamond_cup],
          layout_cave_pods, gammafunk_ghost_smash
Lair:1:   layout_gridlike, enter_volcano_3, serial_rivers,
          chequers_serial_rivers_micro_c, chequers_serial_rivers_small_3,
          chequers_serial_rivers_micro_d, chequers_serial_rivers_small_a,
          chequers_serial_rivers_micro_b, chequers_serial_rivers_room_a,
          infiniplex_staircase_pool_2, lemuel_fruit_fields
Lair:2:   layout_roguey, nicolae_spider_entry_orb_guardian, evilmike_ambush
          [evilmike_ambush_outer_pillars, evilmike_ambush_inner_basic]
Lair:3:   layout_long_grid, palyth_hydra_swamp_entry,
          grunt_forest_large_clearings
Lair:4:   layout_regular_city
Lair:5:   cheibrodos_lair_end_hotspot, layout_long_grid,
          minmay_slime_entry_pillars, gauntlet_entry_generic, uniq_sonja,
          uniq_rupert
Gauntlet: minmay_gauntlet_77_tree [minmay_gauntlet_arena_77_cramped,
          minmay_gauntlet_arena_77_mirror, minmay_gauntlet_arena_77_shame_cube,
          minmay_gauntlet_arena_77_terracotta_army,
          minmay_gauntlet_arena_77_braids,
          minmay_gauntlet_arena_77_chump_sandwich,
          minmay_gauntlet_arena_77_run_for_it,
          nicolae_gauntlet_exit_dead_adventurers]

Notes
Turn   | Place    | Note
-------+----------+-------------------------------------------
     0 | D:1      | demibob the Draconian Chaos Knight began the quest for the
                  | Orb.
     0 | D:1      | Reached XP level 1. HP: 19/19 MP: 1/1
    63 | D:1      | XOM: butterfly on damage
    64 | D:1      | XOM: silly message
   168 | D:1      | Reached XP level 2. HP: 23/26 MP: 2/2
   243 | D:1      | XOM: divination: magic mapping
   491 | D:1      | Reached skill level 4 in Unarmed Combat
   726 | D:2      | XOM: silly message
   752 | D:2      | Reached XP level 3. HP: 31/31 MP: 3/3
   761 | D:2      | XOM: cloud trail
  1161 | D:2      | Found Iboawn's Assorted Antiques.
  1226 | D:2      | XOM: silly message
  1277 | D:2      | Bought a small cabochon ring for 135 gold pieces
  1393 | D:2      | Found a faded altar of an unknown god.
  1500 | D:3      | Reached XP level 4. HP: 38/38 MP: 4/4
  1530 | D:3      | Found a shimmering blue altar of Sif Muna.
  1605 | D:3      | Reached skill level 5 in Unarmed Combat
  1626 | D:3      | XOM: cloud trail
  1726 | D:3      | Found a basalt altar of Yredelemnul.
  2171 | D:3      | Found a glowing golden altar of the Shining One.
  2173 | D:3      | Noticed an angel
  2285 | D:3      | XOM: god gift: 776 gold pieces
  2329 | D:2      | Bought a steel ring for 135 gold pieces
  2354 | D:2      | XOM is BORED!
  2484 | D:4      | Noticed Robin
  2499 | D:4      | Killed Robin
  2680 | D:4      | XOM: silly message
  2688 | D:4      | Reached XP level 5. HP: 40/45 MP: 5/5
  2726 | D:4      | Noticed arglypuff's ghost (amateur DjHW)
  2726 | D:4      | Noticed an ice beast
  2768 | D:4      | XOM is BORED!
  2768 | D:4      | XOM: give mutations
  2768 | D:4      | Gained mutation: Your magical capacity is low. (-10% MP)
                  | [Xom's mischief]
  2768 | D:4      | Lost mutation: Your magical capacity is low. (-10% MP)
                  | [Xom's mischief]
  2780 | D:4      | XOM: 2-stop teleportation journey
  2822 | D:4      | Found a runed translucent gate.
  2822 | D:4      | Noticed Blork the orc
  2829 | D:4      | XOM: confuse monster(s)
  2833 | D:4      | Killed Blork the orc
  2834 | D:4      | Reached skill level 6 in Unarmed Combat
  2837 | D:4      | XOM: chaos cloud
  2838 | D:4      | an iguana changed into a glowing shapeshifter
  2838 | D:4      | Noticed a glowing shapeshifter (glowing shapeshifter)
  2838 | D:4      | XOM: polymorph iguana -> glowing shapeshifter
  2839 | D:4      | >>okay
  2839 | D:4      | a glowing shapeshifter changed into a merfolk
  2839 | D:4      | Noticed a merfolk (glowing shapeshifter)
  2843 | D:4      | a merfolk changed into a shining eye
  2843 | D:4      | Noticed a shining eye (glowing shapeshifter)
  2844 | D:4      | XOM: cast spell 'Monstrous Menagerie'
  2846 | D:4      | a shining eye changed into an orb spider
  2846 | D:4      | Noticed an orb spider (glowing shapeshifter)
  2847 | D:4      | Killed an orb spider
  2848 | D:4      | Reached skill level 8 in Unarmed Combat
  2848 | D:4      | Reached XP level 6. HP: 42/51 MP: 6/6
  2848 | D:4      | Your scales start taking on a pale cyan-grey colour.
  2848 | D:4      | Reached XP level 7. HP: 47/57 MP: 7/7
  2848 | D:4      | Gained mutation: You are immune to the effects of steam.
                  | [Pale Draconian growth]
  2849 | D:4      | Reached skill level 9 in Unarmed Combat
  2851 | D:4      | Found a runed translucent gate.
  2852 | D:4      | Found a runed translucent gate.
  3432 | D:4      | Reached XP level 8. HP: 63/63 MP: 8/8
  3435 | D:4      | Killed arglypuff's ghost
  3436 | D:4      | Reached skill level 10 in Unarmed Combat
  3463 | D:4      | Identified the ring of Sophism {Fire rN+}
  3499 | D:5      | Entered Level 5 of the Dungeon
  3605 | D:5      | Got an inconspicuous book
  3709 | D:5      | XOM: scenery: 2 doors open
  3718 | D:5      | Found a staircase to the Ecumenical Temple.
  3777 | D:5      | XOM: give mutations
  3777 | D:5      | Gained mutation: Your mind is acute. (Int +4, Str/Dex -1)
                  | [Xom's grace]
  3777 | D:5      | Gained mutation: You expend magic power (3 MP) to
                  | strengthen your wands. [Xom's grace]
  3777 | D:5      | Gained mutation: You have an increased reservoir of magic.
                  | (+10% MP) [Xom's grace]
  3778 | D:5      | Reached skill level 1 in Shapeshifting
  3822 | D:5      | Found a glowing drain.
  3839 | Sewer    | Entered a sewer
  3864 | Sewer    | Reached skill level 11 in Unarmed Combat
  3900 | Sewer    | XOM: divination: detect creatures
  3969 | Sewer    | Found a white marble altar of Elyvilon.
  4095 | D:5      | Found a stormy altar of Qazlal.
  4096 | D:5      | Found a shimmering altar of Xom.
  4127 | D:5      | Reached skill level 2 in Shapeshifting
  4172 | D:5      | Noticed Grinder
  4172 | D:5      | XOM: 1-stop teleportation journey
  4175 | D:5      | XOM: potion effect (berserk rage)
  4181 | D:5      | Killed Grinder
  4348 | D:5      | Reached skill level 3 in Shapeshifting
  4517 | D:6      | Reached XP level 9. HP: 65/70 MP: 9/9
  4555 | D:6      | Noticed Sigmund
  4561 | D:6      | Killed Sigmund
  4617 | D:6      | Found a radiant altar of Vehumet.
  4800 | D:6      | XOM: give mutations
  4800 | D:6      | Gained mutation: You have a pair of small antennae on your
                  | head. [Xom's grace]
  4800 | D:6      | Gained mutation: You passively map a small area around you.
                  | [Xom's grace]
  4873 | D:6      | Reached skill level 4 in Shapeshifting
  4999 | D:6      | Found a faded altar of an unknown god.
  4999 | D:6      | Found a sparkling altar of Nemelex Xobeh.
  5006 | D:6      | Found a faded altar of an unknown god.
  5008 | D:6      | Found a bloodstained altar of Trog.
  5010 | D:6      | Found a broken altar of Ashenzari.
  5531 | D:7      | Reached skill level 12 in Unarmed Combat
  5723 | D:7      | Noticed Jeremiah
  5740 | D:7      | Killed Jeremiah
  5741 | D:7      | Reached skill level 5 in Shapeshifting
  5840 | D:7      | XOM: give mutations
  5840 | D:7      | Gained mutation: You have large cloven feet. [Xom's grace]
  5840 | D:7      | Gained mutation: You possess an exceptional clarity of
                  | mind. [Xom's grace]
  5840 | D:7      | Gained mutation: You are agile. (Dex +4, Str/Int -1) [Xom's
                  | grace]
  5937 | D:7      | XOM: cloud trail
  5961 | D:7      | XOM: scenery: 1 doors open
  6017 | D:7      | Found an ancient bone altar of Kikubaaqudgha.
  6194 | D:7      | XOM: 11-stop teleportation journey
  6265 | D:7      | Found a runed translucent door.
  6266 | D:7      | Noticed Crazy Yiuf
  6423 | D:7      | XOM: polymorph orc -> gnoll
  6430 | D:7      | Reached skill level 6 in Shapeshifting
  6964 | D:8      | XOM: give mutations
  6964 | D:8      | Gained mutation: Your mind is very acute. (Int +8, Str/Dex
                  | -2) [Xom's mischief]
  6964 | D:8      | Lost mutation: You have an increased reservoir of magic.
                  | (+10% MP) [Xom's mischief]
  6964 | D:8      | Lost mutation: Your mind is very acute. (Int +8, Str/Dex
                  | -2) [Xom's mischief]
  6964 | D:8      | Lost mutation: You passively map a small area around you.
                  | [Xom's mischief]
  6991 | D:8      | XOM: 1-stop teleportation journey
  7019 | D:8      | Reached XP level 10. HP: 74/77 MP: 10/10
  7023 | D:8      | XOM: summons 2 hostile demons
  7079 | D:8      | XOM: 1-stop teleportation journey
  7090 | D:8      | Reached skill level 7 in Shapeshifting
  7099 | D:8      | Reached skill level 8 in Shapeshifting
  7119 | D:8      | XOM: stat loss: -1 Int (16/17)
  7199 | D:8      | XOM: silly message
  7231 | D:8      | XOM: give mutations
  7231 | D:8      | Gained mutation: Your body sometimes deteriorates upon
                  | taking damage. [Xom's mischief]
  7231 | D:8      | Gained mutation: You have a pair of antennae on your head.
                  | [Xom's mischief]
  7231 | D:8      | Lost mutation: You expend magic power (3 MP) to strengthen
                  | your wands. [Xom's mischief]
  7272 | D:8      | Reached skill level 9 in Shapeshifting
  7639 | D:9      | Noticed Pikel
  7642 | D:9      | XOM: divination: detect creatures
  7651 | D:8      | XOM: divine lightning
  7686 | D:9      | Killed Pikel
  7790 | D:9      | XOM is BORED!
  7792 | D:9      | Found a hide-covered altar of Uskayaw.
  7865 | D:9      | Noticed Psyche
  7896 | D:9      | Killed Psyche
  7901 | D:9      | Reached skill level 10 in Shapeshifting
  7926 | D:9      | XOM: 4-stop teleportation journey
  8325 | D:9      | Noticed an ice statue
  8386 | D:9      | Noticed a two-headed ogre
  8390 | D:9      | XOM: torment (40/77 hp)
  8398 | D:9      | Killed a two-headed ogre
  8399 | D:9      | Reached skill level 13 in Unarmed Combat
  8399 | D:9      | Reached XP level 11. HP: 62/82 MP: 11/11
  8461 | D:9      | XOM: summons 4 hostile shadow creatures
  8631 | D:9      | XOM: butterfly on damage
  9032 | D:9      | XOM: summons 1 hostile demon
  9056 | D:10     | Entered Level 10 of the Dungeon
  9299 | D:10     | Paralysed by a hornet for 2 turns
  9440 | D:10     | Reached skill level 3 in Dodging
  9795 | D:11     | Noticed a two-headed ogre
  9803 | D:11     | Killed a two-headed ogre
  9804 | D:11     | Reached skill level 4 in Dodging
  9914 | D:11     | Noticed a boulder beetle
  9914 | D:11     | Noticed a two-headed ogre
  9914 | D:11     | XOM: 8-stop teleportation journey
  9953 | D:11     | Noticed a fire giant
  9972 | D:11     | XOM: summons friendly ufetubus
  9974 | D:11     | Killed a fire giant
  9975 | D:11     | Reached skill level 14 in Unarmed Combat
 10006 | D:11     | Noticed a harpy
 10007 | D:11     | Reached skill level 5 in Dodging
 10007 | D:11     | a harpy changed into a raiju
 10031 | D:11     | Identified the ring "Cytaf" {+Blink rElec rC+ AC+4}
 10038 | D:11     | Identified the +2 trident of Asisure {antimagic, Drain
                  | Dex+5}
 10111 | D:11     | XOM: give mutations
 10111 | D:11     | Gained mutation: Your system is resistant to poisons.
                  | (rPois) [Xom's grace]
 10111 | D:11     | Lost mutation: You have large cloven feet. [Xom's grace]
 10111 | D:11     | Gained mutation: You have sharp toenails. [Xom's grace]
 10111 | D:11     | Gained mutation: You are somewhat resistant to further
                  | mutation. [Xom's grace]
 10167 | D:11     | XOM: polymorph gnoll -> goblin
 10257 | D:11     | Noticed an orc knight
 10275 | D:11     | Killed an orc knight
 10424 | D:11     | Found a transporter.
 10424 | D:11     | Found a transporter.
 10425 | D:11     | Noticed javelincjr's ghost (journeyman DrSh)
 10425 | D:11     | Identified the +7 dire flail "Fomele" {heavy, *Rage MP+9
                  | Int+8 Stlth+}
 10425 | D:11     | Noticed a two-headed ogre
 10426 | D:11     | Noticed a two-headed ogre
 10428 | D:11     | Noticed a two-headed ogre
 10482 | D:11     | Noticed a two-headed ogre
 10483 | D:11     | XOM: cast spell 'Dispersal'
 10488 | D:11     | Killed a two-headed ogre
 10489 | D:11     | Reached skill level 6 in Dodging
 10516 | D:11     | XOM: divination: detect items
 10521 | D:11     | Killed a two-headed ogre
 10532 | D:11     | XOM: summons friendly white imp
 10564 | D:11     | Killed a boulder beetle
 10565 | D:11     | Reached XP level 12. HP: 70/89 MP: 12/12
 10647 | D:11     | XOM: cleaving
 10650 | D:11     | XOM: cast spell 'Call Canine Familiar'
 10756 | D:11     | XOM is BORED!
 10756 | D:11     | XOM: summons 7 hostile demons
 10789 | D:11     | XOM: god gift: 510 gold pieces
 10836 | D:11     | XOM: stat loss: -1 Str (11/12)
 10889 | D:11     | XOM: cloud trail
 10941 | D:11     | Found a staircase to the Lair.
 11018 | D:11     | XOM: give mutation
 11018 | D:11     | Gained mutation: You have a pair of large antennae on your
                  | head. (SInv) [Xom's grace]
 11317 | Lair:1   | Entered Level 1 of the Lair of Beasts
 11321 | Lair:1   | XOM: 1-stop teleportation journey
 11347 | Lair:1   | Reached skill level 7 in Dodging
 11351 | Lair:1   | XOM: god gift: wand of digging (5)
 11360 | Lair:1   | XOM: divination: detect creatures
 11422 | Lair:1   | Reached skill level 15 in Unarmed Combat
 11615 | Lair:1   | XOM: give mutations
 11615 | Lair:1   | Lost mutation: Your body sometimes deteriorates upon taking
                  | damage. [Xom's mischief]
 11615 | Lair:1   | Lost mutation: You possess an exceptional clarity of mind.
                  | [Xom's mischief]
 11615 | Lair:1   | Lost mutation: You have a pair of large antennae on your
                  | head. (SInv) [Xom's mischief]
 11615 | Lair:1   | Gained mutation: Your body sometimes deteriorates upon
                  | taking damage. [Xom's mischief]
 11619 | Lair:1   | Identified the ring "Bisteh" {Wiz Dex+6 Stlth+} (Xom gifted
                  | it to you on level 1 of the Lair of Beasts)
 11619 | Lair:1   | XOM: god gift: ring "Bisteh" {Wiz Dex+6 Stlth+}
 11668 | Lair:1   | XOM: scenery: create altars
 11674 | Lair:1   | XOM: cleaving
 11679 | Lair:1   | Noticed a boulder beetle
 11688 | Lair:1   | XOM: confuse monster(s)
 11691 | Lair:1   | Killed a boulder beetle
 11773 | Lair:1   | Found a dark tunnel.
 12085 | Lair:1   | XOM: give mutations
 12085 | Lair:1   | Gained mutation: You are strong-willed. (Will+) [Xom's
                  | grace]
 12085 | Lair:1   | Gained mutation: Your spells are a little harder to cast,
                  | but a little more powerful. [Xom's grace]
 12179 | Lair:2   | Noticed an eight-headed hydra
 12185 | Lair:2   | XOM: scenery: 1 doors open
 12191 | Lair:2   | Killed an eight-headed hydra
 12192 | Lair:2   | Reached skill level 8 in Dodging
 12193 | Lair:2   | Reached skill level 4 in Fighting
 12273 | Lair:2   | XOM: scenery: 1 doors close
 12312 | Lair:2   | XOM: god gift: scroll labelled GIEGUS PIAWUA {god gift}
 12356 | Lair:2   | Found a hole to the Spider Nest.
 12408 | Lair:2   | XOM: scenery: create altars
 12415 | Lair:2   | Reached skill level 5 in Fighting
 12420 | Lair:2   | XOM: god gift: 740 gold pieces
 12574 | Lair:2   | Noticed a seven-headed hydra
 12585 | Lair:2   | Killed a seven-headed hydra
 12586 | Lair:2   | Reached skill level 6 in Fighting
 12586 | Lair:2   | Reached skill level 9 in Dodging
 12903 | Lair:2   | XOM: cloud trail
 13244 | Lair:2   | XOM: polymorph hell rat -> iron imp
 13390 | Lair:3   | XOM: cleaving
 13425 | Lair:3   | XOM: god gift: potion of attraction
 13443 | Lair:3   | XOM: polymorph elephant -> swamp dragon
 13444 | Lair:3   | XOM: enchant monster (bad)
 13450 | Lair:3   | Reached skill level 7 in Fighting
 13456 | Lair:3   | Reached XP level 13. HP: 105/105 MP: 13/13
 13494 | Lair:3   | XOM: destruction
 13548 | Lair:3   | XOM: scenery: create altars
 13556 | Lair:3   | XOM: cast spell 'Summon Dragon'
 13667 | Lair:3   | Reached skill level 8 in Fighting
 13971 | Lair:3   | XOM: silly message
 13973 | Lair:3   | XOM: potion effect (heal wounds)
 14014 | Lair:3   | Found a staircase to the Swamp.
 14071 | Lair:3   | Reached skill level 16 in Unarmed Combat
 14129 | Lair:3   | XOM: 5-stop teleportation journey
 14137 | Lair:3   | Reached skill level 9 in Fighting
 14442 | Lair:3   | XOM: summons 13 friendly demons
 14589 | Lair:4   | XOM: divination: detect items
 14611 | Lair:4   | XOM: destruction
 14617 | Lair:4   | XOM: noise
 14642 | Lair:4   | XOM: polymorph yak -> queen bee
 14651 | Lair:4   | Reached skill level 11 in Shapeshifting
 14903 | Lair:4   | Identified Xom's Grimoire of Failure (Xom gifted it to you
                  | on level 4 of the Lair of Beasts)
 14903 | Lair:4   | XOM: god gift: Xom's Grimoire of Failure
 14998 | Lair:4   | XOM: destruction
 15005 | Lair:4   | XOM: potion effect (brilliance)
 15120 | Lair:4   | XOM: scenery: summon butterflies
 15146 | Lair:4   | XOM: destruction
 15191 | Lair:4   | XOM: god gift: falchion {god gift}
 15234 | Lair:4   | XOM: polymorph yak -> tarantella
 15710 | Lair:5   | Entered Level 5 of the Lair of Beasts
 15725 | Lair:5   | Noticed Sonja
 15736 | Lair:5   | Reached skill level 17 in Unarmed Combat
 15736 | Lair:5   | Reached XP level 14. HP: 103/118 MP: 14/14
 15740 | Lair:5   | XOM: cast spell 'Summon Mana Viper'
 15746 | Lair:5   | XOM: enchant monster (good)
 15746 | Lair:5   | Killed Sonja
 15748 | Lair:5   | XOM: summons friendly quasit
 15755 | Lair:5   | Reached skill level 12 in Shapeshifting
 15800 | Lair:5   | Found a gate leading to a gauntlet.
 15807 | Gauntlet | Entered a Gauntlet
 15807 | Gauntlet | Found a transporter.
 15807 | Gauntlet | Found a runed translucent door.
 15807 | Gauntlet | Found a runed translucent door.
 15814 | Gauntlet | Found a transporter.
 15816 | Gauntlet | Found a transporter.
 15821 | Gauntlet | Found a runed translucent door.
 15821 | Gauntlet | Found a runed translucent door.
 15826 | Gauntlet | Found a transporter.
 15829 | Gauntlet | Found a transporter.
 15836 | Gauntlet | Found a runed translucent gate.
 15836 | Gauntlet | Found a runed translucent gate.
 15836 | Gauntlet | Found a runed translucent gate.
 15839 | Gauntlet | Found a transporter.
 15855 | Gauntlet | Found a transporter.
 15866 | Gauntlet | Found a transporter.
 15878 | Gauntlet | Found a transporter.
 15893 | Gauntlet | Found a transporter.
 15908 | Gauntlet | Found a transporter.
 15908 | Gauntlet | Found a transporter.
 15948 | Gauntlet | Found a transporter.
 15962 | Gauntlet | Found a transporter.
 16062 | Gauntlet | Identified the +2 pair of boots of Raxt {Harm Will+++ Str+2
                  | Int-4}
 16102 | Gauntlet | Identified the ring of Yqiaf {rC+ rCorr Stlth+}
 16126 | Gauntlet | Identified the ring "Ehuqutoll" {rPois rF+}
 16130 | Gauntlet | XOM: god gift: scroll of noise
 16134 | Gauntlet | Identified the +0 ring mail of Wu Jian's Condemnation {rF+
                  | rN+ Will+}
 16137 | Gauntlet | XOM: scenery: create altars
 16144 | Gauntlet | >>dead here
 16144 | Gauntlet | Slain by a minotaur

Vanquished Creatures
  A fire giant (D:11)
  8 hydras
  2 boulder beetles
  6 death yaks
  4 two-headed ogres
  A skyshark (Lair:4)
  Sonja (Lair:5)
  A swamp dragon (Lair:3)
  An orb spider (Lair:2)
  Pikel (D:9)
  An orc knight (D:11)
  A cyclops (D:11)
  7 elephants
  5 black mambas
  A gargoyle (D:11)
  5 cane toads
  Psyche (D:9)
  8 komodo dragons
  2 rime drakes
  Jeremiah (D:7)
  An ice devil (Gauntlet)
  2 trolls (D:11)
  3 polar bears
  A queen bee (Lair:4)
  2 tyrant leeches (Lair:3)
  A tarantella (Lair:4)
  4 hornets
  A wind drake (shapeshifter) (D:9)
  Grinder (D:5)
  7 blink frogs (Lair:4)
  6 dream sheep (Lair:5)
  A spriggan (Lair:3)
  Sigmund (D:6)
  7 wyverns
  A wraith (D:11)
  4 shadows
  45 yaks
  2 vampire mosquitoes (D:10)
  A basilisk (Lair:3)
  3 steam dragons
  A swamp worm (shapeshifter) (D:11)
  2 swamp worms (Lair:3)
  14 water moccasins
  2 hell hounds (Lair:1)
  2 orc warriors
  2 ice beasts (D:8)
  A black bear (D:6)
  13 wolves
  5 centaurs
  2 phantoms (D:6)
  A lemure (D:9)
  3 kobold brigands
  11 bullfrogs
  3 gnoll sergeants
  5 scorpions
  4 killer bees
  2 howler monkeys
  2 jellies
  5 orc priests
  A gnoll bouda (D:5)
  A hound (D:4)
  A sleepcap (D:4)
  An iron imp (Lair:2)
  A water moccasin simulacrum (D:4)
  8 orc wizards
  11 hell rats
  A scorpion simulacrum (D:4)
  Robin (D:4)
  33 gnolls
  5 adders
  3 river rats
  3 shadow imps
  4 white imps
  2 worms
  2 dart slugs
  20 orcs
  10 endoplasms
  A giant cockroach (D:1)
  8 hobgoblins
  10 jackals
  3 quokkas
  12 ball pythons
  8 bats
  6 frilled lizards
  12 goblins
  20 kobolds
  8 rats
  A butterfly (Lair:1)
429 creatures vanquished.

Vanquished Creatures (collateral kills)
  An orb spider (shapeshifter) (D:4)
  The ghost of arglypuff the Ducker, an amateur DjHW (D:4)
  5 yaks
  An ice beast (D:4)
  A wolf (Lair:3)
  Blork the orc (D:4)
  A water moccasin simulacrum (D:4)
  A scorpion simulacrum (D:4)
  An adder (D:4)
  2 hound simulacra (D:4)
  An adder simulacrum (D:4)
16 creatures vanquished.

Vanquished Creatures (others)
  A blink frog (Lair:4)
  A dream sheep (Lair:5)
  2 lemures (D:8)
4 creatures vanquished.

Grand Total: 449 creatures vanquished

Table legend: (Time is in decaauts)
 A = Elapsed time spent in this place.
 B = Non-inter-level travel time spent in this place.
 C = Inter-level travel time spent in this place.
 D = Time resting spent in this place.
 E = Time spent auto-exploring this place.
 F = Levels seen in this place.
 G = Mean time per level.
                   A        B        C        D        E       F      G
               +--------+--------+--------+--------+--------+-----+--------+
         Total |  15890 |  15425 |    465 |    472 |  11824 |  18 |  882.8 |
       Dungeon |  10946 |  10620 |    326 |    362 |   8373 |  11 |  995.1 |
          Lair |   4348 |   4209 |    139 |    105 |   3146 |   5 |  869.6 |
         Sewer |    269 |    269 |      0 |      2 |    140 |   1 |  269.0 |
      Gauntlet |    325 |    325 |      0 |      3 |    164 |   1 |  325.0 |
               +--------+--------+--------+--------+--------+-----+--------+

Top non-repeatable levels by time:
    D:11: 1571 daAuts
     D:9: 1464 daAuts
     D:7: 1277 daAuts
  Lair:3: 1177 daAuts
  Lair:2: 1153 daAuts
  Lair:4: 1082 daAuts
     D:6: 1033 daAuts
     D:4: 1018 daAuts
     D:2: 930 daAuts
     D:3: 921 daAuts
     D:8: 855 daAuts
  Lair:1: 845 daAuts
     D:5: 728 daAuts
     D:1: 612 daAuts
    D:10: 533 daAuts

Table legend:
 A = Non-vault XP
 B = Vault XP
 C = Vault XP percentage of total XP
 D = Non-vault monster count
 E = Vault monster count
 F = Vault count percentage of total count
                 A         B        C        D         E       F
            +---------+---------+-------+---------+---------+-------
      Total |   54014 |   15027 |  21.8 |     375 |      69 |  15.5
            +---------+---------+-------+---------+---------+-------
        D:1 |      29 |       0 |   0.0 |      18 |       0 |   0.0
        D:2 |      65 |       0 |   0.0 |      23 |       0 |   0.0
        D:3 |      45 |       0 |   0.0 |      22 |       0 |   0.0
        D:4 |    1045 |     652 |  38.4 |      28 |      17 |  37.8
        D:5 |     454 |     291 |  39.1 |      15 |       4 |  21.1
        D:6 |     716 |     214 |  23.0 |      20 |       1 |   4.8
        D:7 |    1100 |     370 |  25.2 |      21 |       1 |   4.5
        D:8 |    2963 |     119 |   3.9 |      34 |       1 |   2.9
        D:9 |    3281 |    1048 |  24.2 |      17 |       2 |  10.5
       D:10 |    1269 |       0 |   0.0 |      11 |       0 |   0.0
       D:11 |    3659 |    6117 |  62.6 |      24 |      15 |  38.5
     Lair:1 |    4167 |     290 |   6.5 |      21 |       2 |   8.7
     Lair:2 |    6059 |    1775 |  22.7 |      23 |       3 |  11.5
     Lair:3 |   10809 |    2876 |  21.0 |      43 |       7 |  14.0
     Lair:4 |   14184 |       0 |   0.0 |      45 |       0 |   0.0
     Lair:5 |    4169 |     772 |  15.6 |      10 |       1 |   9.1
      Sewer |       0 |     141 | 100.0 |       0 |      12 | 100.0
   Gauntlet |       0 |     362 | 100.0 |       0 |       3 | 100.0
            +---------+---------+-------+---------+---------+-------
